 Dungeon Crawl Stone Soup version 0.30-a0-1066-g63dfefce0d (webtiles) character file.

Game seed: 4218103503889432441

13 PimpSugar the Magician (level 2, 0/21 HPs)
             Began as a Djinni Hedge Wizard on Apr 12, 2023.
             Slain by a jackal (2 damage)
             ... on level 1 of the Dungeon.
             The game lasted 00:01:41 (227 turns).

PimpSugar the Magician (Djinni Hedge Wizard)         Turns: 227, Time: 00:01:42

Health: 0/21       AC:  2    Str:  9    XL:     2   Next: 50%
Gold:   0          EV: 12    Int: 15    God:
                   SH:  0    Dex: 12

rFire   + + .      SeeInvis .    a - +0 dagger
rCold   x . .      Faith    .    (no shield)
rNeg    . . .      Spirit   .    b - +0 robe
rPois   ∞          Reflect  .    c - +0 hat
rElec   .          Rampage  .    (no cloak)
rCorr   .                        (no gloves)
Will    .....                    (boots unavailable)
Stlth   ++                       (no amulet)
HPRegen 0.23/turn                (no ring)
MPRegen 0.00/turn                (no ring)

@: flying
A: sickness immunity, fire resistance 2, cold vulnerability 1, float, innate
caster, HP casting, extra vitality 1
a: no special abilities


You were on level 1 of the Dungeon.
You visited 1 branch of the dungeon, and saw 1 of its levels.

Inventory:

Hand Weapons
 a - a +0 dagger (weapon)
Armour
 b - a +0 robe (worn)
 c - a +0 hat (worn)
 d - a +0 tower shield


   Skills:
 + Level 2.5 Dodging
 + Level 2.0 Stealth
 + Level 2.6 Spellcasting


You knew the following spells:

 Your Spells              Type           Power      Damage    Failure   Level
a - Magic Dart            Conj           36%        1d4       7%          1
b - Call Imp              Summ           18%        N/A       11%         2
c - Mephitic Cloud        Conj/Pois/Air  9%         N/A       22%         3
d - Slow                  Hex            36%        N/A       7%          1
e - Blink                 Tloc           18%        N/A       11%         2
Your spell library was empty.

Dungeon Overview and Level Annotations

Branches:
Dungeon (1/15)

Altars:


Innate Abilities, Weirdness & Mutations

You are immune to sickness and miasma.
You are immune to poison.
Your flesh is very heat resistant. (rF++)
You are vulnerable to cold. (rC-)
You float through the air rather than walking.
You learn spells naturally, not from books.
Your magical power is your life essence.
You have superior vitality. (+4 MHP)


Message History

You closely miss the jackal. The jackal bites you.
Casting: Call Imp (safe; 11% risk of failure)
Confirm with . or Enter, or press ? or * to list all spells.
Aiming: Magic Dart (safe; 7% risk of failure)
Press: ? - help, Shift-Dir - straight line, f - jackal
Aim: a jackal (100% to hit)
The magic dart hits the jackal.
The jackal is almost dead.
The jackal completely misses you. The jackal bites you.
Casting: Magic Dart (safe; 7% risk of failure)
Confirm with . or Enter, or press ? or * to list all spells.
A tiny devil pulls itself out of the air.
* * * LOW HITPOINT WARNING * * *
The jackal bites you.
* * * LOW HITPOINT WARNING * * *
Your cerulean imp hits the jackal from afar with a -3 spear.
The jackal dies!
Your cerulean imp closely misses the ball python.
Your cerulean imp hits the hobgoblin with a -3 spear.
The ball python closely misses you. The ball python barely misses you.
You reach down and open the door.
Your cerulean imp barely misses the goblin.
The ball python barely misses you. x2
There is an open door here.
You closely miss the jackal. The ball python misses you.
The ball python grabs you. The ball python constricts you.
* * * LOW HITPOINT WARNING * * *
The jackal closely misses you.
You barely miss the jackal. The ball python bites you.
* * * LOW HITPOINT WARNING * * *
The ball python constricts you. The jackal closely misses you.
The ball python bites you.
* * * LOW HITPOINT WARNING * * *
The ball python constricts you. The jackal closely misses you.
You escape the ball python's grasp.
The jackal attacks as you move away! The jackal bites you.
* * * LOW HITPOINT WARNING * * *
Your cerulean imp misses the jackal.
The jackal bites you.
You die...

##....#.#####.#
........>.....#
.##.###.......# #
#.##. ##.###.## #.
... #.# #.## ##.#
..# #.# #.## ...
#..######.# #.##
#.#+#.......#.#
#.##
#..@........#.#
#.##
##..h.......#.
#.## #..Sh.......
#.##
#...#'###5.... #
###.#g###†♣♣♣♣♣♣♣
#
#.#g..g♣5♣PPP.♣♣##
# #
####♣5..P.~.P♣.# #
# ♣..♣.~~~♣♣.# #
#.####♣.♣P♣~~~P♣.#
#


You could see 2 jackals, a hobgoblin, a goblin, a ball python and a friendly
cerulean imp (summoned).

Vanquished Creatures
  4 ball pythons (D:1)
  2 goblins (D:1)
  A jackal (D:1)
7 creatures vanquished.

Vanquished Creatures (collateral kills)
  2 endoplasms (D:1)
  A jackal (D:1)
3 creatures vanquished.

Grand Total: 10 creatures vanquished

Notes
Turn   | Place    | Note
-------+----------+-------------------------------------------
     0 | D:1      | PimpSugar the Djinni Hedge Wizard began the quest for the
                  | Orb.
     0 | D:1      | PimpSugar set off with the following spells memorised:
                  | Magic Dart, Slow, Blink, Call Imp, Mephitic Cloud.
     0 | D:1      | Reached XP level 1. HP: 15/15 MP: 0/0
   110 | D:1      | Reached XP level 2. HP: 19/21 MP: 0/0
   226 | D:1      | HP: 1/21 [jackal (1)]
   227 | D:1      | Slain by a jackal

Illustrated notes

Levels and vault maps discovered:
D:1:      heliophobic_arrival_battle_scene, layout_basic, serial_forest,
          infiniplex_forest_side_room, infiniplex_forest_corner_1,
          infiniplex_forest_lined_2, infiniplex_forest_lined_room_3,
          infiniplex_forest_end_3, infiniplex_forest_pool,
          hangedman_decor_clover_reticule

Skill      XL: |  1  2 |
---------------+-------+-----
Stealth        | 2 |  2.0
Dodging        | |  2.5
Spellcasting   | |  2.6

Action                     || total
---------------------------++-------
  Melee: Dagger            ||    19
   Cast: Magic Dart        ||    14
         Call Imp          ||     4
 Armour: Robe              ||     5
  Dodge: Dodged            ||    21

Table legend: (Time is in decaauts)
 A = Elapsed time spent in this place.
 B = Non-inter-level travel time spent in this place.
 C = Inter-level travel time spent in this place.
 D = Time resting spent in this place.
 E = Time spent auto-exploring this place.
 F = Levels seen in this place.
 G = Mean time per level.
                   A        B        C        D        E       F      G
               +--------+--------+--------+--------+--------+-----+--------+
         Total |    227 |    224 |      3 |      0 |     74 |   1 |  227.0 |
       Dungeon |    227 |    224 |      3 |      0 |     74 |   1 |  227.0 |
               +--------+--------+--------+--------+--------+-----+--------+

Top non-repeatable levels by time:
     D:1: 227 daAuts
